 Dungeon Crawl Stone Soup version 0.29.1-2-gbd0b4ee654 (webtiles) character file.

Game seed: 1294620390092052462

106 GeoRichter the Gusty (level 4, -6/27 HPs)
             Began as an Octopode Air Elementalist on Nov 17, 2022.
             Mangled by Terence
             ... wielding a +0 hand axe
              (8 damage)
             ... on level 3 of the Dungeon.
             The game lasted 00:04:10 (3033 turns).

GeoRichter the Gusty (Octopode Air Elementalist)    Turns: 3033, Time: 00:04:10

Health: -6/27      AC:  1    Str:  7    XL:     4   Next: 84%
Magic:  0/8        EV: 13    Int: 19    God:
Gold:   144        SH:  0    Dex: 12    Spells: 5/8 levels left

rFire   . . .      SeeInvis .   (no weapon)
rCold   . . .      Faith    .   (no shield)
rNeg    + . .      Spirit   .   (helmet restricted)
rPois   .          Reflect  .   (no amulet)
rElec   .          Harm     .   f - ring of positive energy
rCorr   .          Rampage  .   (no ring)
Will    .....                   (no ring)
Stlth   +++.......              (no ring)
HPRegen 0.09/turn               (no ring)
MPRegen 0.11/turn               (no ring)
                                (no ring)
                                (no ring)

@: no status effects
A: almost no armour, amphibious, 8 rings, camouflage 1, gelatinous body 1,
(nimble swimmer 1), tentacles
a: no special abilities


You were on level 3 of the Dungeon.
You visited 1 branch of the dungeon, and saw 3 of its levels.

You collected 144 gold pieces.

Inventory:

Jewellery
 f - a ring of positive energy (left tentacle)
   (You found it on level 1 of the Dungeon)
Scrolls
 c - a scroll of vulnerability {unknown}
 d - 2 scrolls of butterflies {unknown}
 e - 6 scrolls of identify {unknown}
 g - 2 scrolls of teleportation {unknown}
 h - a scroll of amnesia {unknown}
 i - a scroll of poison {unknown}
 j - a scroll of enchant weapon {unknown}
Potions
 a - 2 potions of magic
 b - a potion of mutation {unknown}


   Skills:
 - Level 2.0 Dodging
 - Level 2.6 Stealth
 + Level 2.8 Spellcasting
 + Level 2.2 Conjurations
 * Level 4.3 Air Magic


You had 5 spell levels left.
You knew the following spells:

 Your Spells              Type           Power      Damage    Failure   Level
a - Shock                 Conj/Air       60%        1d6       4%          1
b - Static Discharge      Conj/Air       15%        3-5/arc   6%          2

Your spell library contained the following spells:

 Spells                   Type           Power      Damage    Failure   Level
 Swiftness                Air            19%        N/A       8%          3
 Airstrike                Air            9%         2d(2-18)  26%         4


Dungeon Overview and Level Annotations

Branches:
Dungeon (3/15) Zot: 14965

Altars:

Shops:
D:1 ?

Annotations:
D:3 Terence


Innate Abilities, Weirdness & Mutations

You cannot wear most types of armour.
You are amphibious.
You can wear up to eight rings at the same time.
Your skin changes colour to match your surroundings (Stealth+).
Your rubbery body absorbs attacks. (AC +1, EV +1)
((You are camouflaged when in or above water. (Stealth+)))
You have tentacles for arms and can constrict up to eight enemies at once.


Message History

You kill the frilled lizard!
You can't see any susceptible monsters within range! (Use Z to cast anyway.)
You can't see any susceptible monsters within range! (Use Z to cast anyway.)
You see here a frilled lizard skeleton.
You see here 6 stones.
Terence is nearby!
The zap hits Terence but does no damage.
Terence screams, "I'm going to kill you!"
The zap hits Terence.
You miscast Shock.
You are very lightly contaminated with residual magic.
Nothing appears to happen.
The zap hits Terence.
The zap hits Terence.
The zap misses Terence.
Terence is struck by an arc of lightning.
You are struck by an arc of lightning.
The lightning grounds out.
Terence hits you with a +0 hand axe.
You tentacle-slap Terence but do no damage.
Your grab misses Terence. Terence hits you with a +0 hand axe!
You tentacle-slap Terence but do no damage.
You grab Terence. You squeeze Terence.
You constrict Terence, but do no damage.
Terence barely misses you.
Your magical contamination has completely faded away.
You barely miss Terence.
You constrict Terence, but do no damage.
Terence completely misses you.
You tentacle-slap Terence but do no damage.
You squeeze Terence, but do no damage.
You constrict Terence, but do no damage.
Terence hits you with a +0 hand axe.
* * * LOW HITPOINT WARNING * * *
You tentacle-slap Terence but do no damage.
You squeeze Terence, but do no damage.
You constrict Terence, but do no damage.
Terence hits you with a +0 hand axe!
* * * LOW HITPOINT WARNING * * *
You are too injured to fight recklessly!
You release your grip on Terence.
Terence attacks as you move away! Terence barely misses you.
Terence attacks as you move away! Terence closely misses you.
Terence attacks as you move away! Terence closely misses you.
Terence is struck by an arc of lightning!
You are struck by an arc of lightning.
* * * LOW HITPOINT WARNING * * *
The lightning grounds out.
Terence barely misses you.
Unknown command.
Terence attacks as you move away! Terence hits you with a +0 hand axe!
You die...

#.##.#####.................###...
#......#
###.###.............รท...
###..#.# #..##..........(###...
##...######....................
###.......###..[..............
#...###.###............^#...
###...#..##..........#..#...
###.##..#<.........#..#...
#...#..@@...............
###.##.................@
#...............#.....
####..##...##.........
##.####...##........
###...................
##..................... ########
##...#..................
.......###....#####....##.#......


You could see Terence.

Vanquished Creatures
  An adder (D:2)
  3 worms
  2 dart slugs
  9 orcs (D:3)
  5 ball pythons
  6 bats
  4 endoplasms
  4 giant cockroaches
  3 goblins (D:2)
  6 hobgoblins
  6 jackals
  4 quokkas
  4 frilled lizards
  2 kobolds
  11 rats
70 creatures vanquished.

Notes
Turn   | Place    | Note
-------+----------+-------------------------------------------
     0 | D:1      | GeoRichter the Octopode Air Elementalist began the quest
                  | for the Orb.
     0 | D:1      | Reached XP level 1. HP: 11/11 MP: 3/3
   175 | D:1      | Reached XP level 2. HP: 17/17 MP: 1/5
   386 | D:1      | Found Pyatre Gyhof's Magic Scroll Boutique.
   712 | D:1      | Found a faded altar of an unknown god.
   809 | D:1      | Reached XP level 3. HP: 21/21 MP: 2/6
  1118 | D:2      | Learned a level 2 spell: Static Discharge
  1828 | D:2      | Reached skill level 4 in Air Magic
  1828 | D:2      | Reached XP level 4. HP: 21/27 MP: 0/7
  2344 | D:3      | Noticed Terence
  3033 | D:3      | Mangled by Terence

Illustrated notes

Levels and vault maps discovered:
D:1:      co_arrival_square_in_a_square_in_a_square, layout_loops_ring,
          basic_ecumenical_altar, serial_shops, shop
D:2:      layout_rooms
D:3:      layout_rooms, uniq_terence

Skill      XL: |  1  2  3 |
---------------+----------+-----
Conjurations   | 2 |  2.2
Air Magic      | 4 |  4.3
Dodging        | |  2.0
Stealth        | |  2.6
Spellcasting   | |  2.8

Action                   |  1- 3 |  4- 6 || total
-------------------------+-------+-------++-------
Melee: Unarmed           |     8 |    14 ||    22
       Constrict         |     3 |     6 ||     9
       Tentacles         |     2 |     4 ||     6
       Punch             |     1 |       ||     1
 Cast: Shock             |    91 |    68 ||   159
       Static Discharge  |     1 |     3 ||     4
Armor: Skin              |     3 |     1 ||     4
Dodge: Dodged            |    10 |    15 ||    25
